 Dungeon Crawl Stone Soup version 0.32-a0-870-g877066f4b4 (webtiles) character file.

Game seed: 17776815766248047152

1052 Nvm9 the Trooper (level 8, 0/63 HPs)
             Began as a Demonspawn Fighter on Mar 29, 2024.
             Was an Initiate of Qazlal.
             Succumbed to a water moccasin's poison
             ... on level 5 of the Dungeon.
             The game lasted 00:07:10 (3420 turns).

Nvm9 the Trooper (Demonspawn Fighter)               Turns: 3420, Time: 00:07:11

Health: 0/63       AC: 15    Str: 19    XL:     8   Next: 5%
Magic:  7/9        EV:  4    Int:  8    God:    Qazlal [......]
Gold:   305        SH:  7    Dex: 13    Spells: 7/7 levels left

rFire   + . .        a - +0 war axe (chaos)
rCold   + . .        t - +2 buckler
rNeg    . . .        b - +0 plate armour
rPois   .            o - +0 helmet
rElec   .            j - scarf {rC+ rF+}
rCorr   .            (no gloves)
SInv    .            (no boots)
Will    .....        (no amulet) Stlth
                     (no ring)
HPRegen 0.30/turn    (no ring)
MPRegen 0.11/turn

%: no passive effects
@: lethally poisoned (0 -> -3), attractive
A: claws 1, thin metallic scales 1, demonic magic 1, wild magic 1
a: Renounce Religion


You were on level 5 of the Dungeon.
You worshipped Qazlal.
Qazlal was noncommittal.
You visited 2 branches of the dungeon, and saw 6 of its levels.

You collected 305 gold pieces.

Inventory:

Hand Weapons
 a - a +0 war axe of chaos (weapon)
 m - a +0 mace of holy wrath
Missiles
 e - a throwing net
 h - 6 boomerangs (quivered)
 i - 8 poisoned darts
 q - 2 darts of dispersal
 r - 4 curare-tipped darts
 s - 4 atropa-tipped darts
Armour
 b - a +0 plate armour (worn)
 j - a scarf of resistance (worn)
 n - the +3 leather armour of the First Tusks {*Slow rElec Regen+ Str+6}
   (You found it on level 2 of the Dungeon)

   Str+6:     It affects your strength (+6).
   rElec:     It insulates you from electricity.
   Regen+:    It increases your rate of health regeneration.
   *Slow:     It may slow you when you take damage.
 o - a +0 helmet (worn)
 t - a +2 buckler (worn)
Wands
 l - a wand of warping (5)
Scrolls
 d - a scroll of revelation
 k - 7 scrolls of identify
 p - a scroll of enchant weapon


   Skills:
 * Level 5.5 Fighting
 * Level 4.5 Axes
 * Level 4.9 Armour
 * Level 5.0 Shields
 * Level 1.8 Invocations


You had 7 spell levels left.
You didn't know any spells.
Your spell library contained the following spells:

 Spells                   Type           Power      Damage    Failure   Level
 Sublimation of Blood     Necr           0%         N/A       100%        2
 Petrify                  Alch/Erth      0%         N/A       100%        4
 Irradiate                Conj/Alch      0%         3d11      100%        5


Dungeon Overview and Level Annotations

Branches:
Dungeon (5/15)             Temple (1/1) D:4

Altars:
Cheibriados
Fedhas
Gozag
Hepliaklqana
Nemelex Xobeh
Qazlal
Ru
Sif Muna
Uskayaw
Wu Jian
Xom
Yredelemnul

Shops:
D:5 (


Innate Abilities, Weirdness & Mutations

You have sharp fingernails.
You are partially covered in thin metallic scales. (AC +2)
Spells you cast may paralyse adjacent enemies.
Your spells are a little harder to cast, but a little more powerful.


Message History

The water moccasin poisons you!
You feel very sick.
The water moccasin attacks as it pursues you!
The water moccasin bites you but does no damage.
You feel attractive to monsters.
* * * LOW HITPOINT WARNING * * *
You feel very sick.
The water moccasin is no longer moving slowly.
The water moccasin bites you but does no damage.
You barely miss the water moccasin.
The water moccasin is heavily wounded.
* * * LOW HITPOINT WARNING * * *
You feel very sick.
The water moccasin bites you but does no damage. x2
You slash the water moccasin! You burn the water moccasin.
The water moccasin is almost dead.
* * * LOW HITPOINT WARNING * * *
You feel very sick. You block the water moccasin's attack.
The water moccasin bites you but does no damage.
You hit the water moccasin.
You kill the water moccasin!
Qazlal accepts your kill.
* * * LOW HITPOINT WARNING * * *
You feel sick.
Your Shields skill increases to level 5!
You have reached level 8!
You feel stronger.
You aren't carrying any potions.
As you read the scroll of torment, it crumbles to dust.
Your body is wracked with pain!
* * * LOW HITPOINT WARNING * * *
x2 You feel sick.
There is a lethal amount of poison in your body!
There is a lethal amount of poison in your body!
There is a lethal amount of poison in your body!
There is a lethal amount of poison in your body!
* * * LOW HITPOINT WARNING * * *
You feel sick.
You die...

........#. ....
.........##....
...............
#....#........ .##.
..........# ....
........## .....
###....# .##..
.....##.##†..#......
........<#..@....#
........##......∩#
........##..........
#...................
#................#..
##..........##.#....
#...........# .#....
##...........#.. ...
............## ..


There were no monsters in sight!

Vanquished Creatures
  Sigmund (D:4)
  Eustachio (D:4)
  Menkaure (D:4)
  A water moccasin (D:5)
  A black bear (D:4)
  A scorpion (D:4)
  An orc priest (D:2)
  A jelly (D:4)
  A bombardier beetle (D:4)
  A hound (D:4)
  An iguana (D:4)
  Natasha (D:4)
  An orc wizard (D:2)
  Robin (D:2)
  8 adders
  3 ribbon worms
  3 dart slugs
  3 orcs
  7 ball pythons
  6 bats
  5 endoplasms
  A giant cockroach (D:1)
  16 goblins
  15 hobgoblins
  4 jackals (D:4)
  7 kobolds
  2 quokkas (D:3)
  4 frilled lizards
  9 rats
107 creatures vanquished.

Notes
Turn   | Place    | Note
-------+----------+-------------------------------------------
     0 | D:1      | Nvm9 the Demonspawn Fighter began the quest for the Orb.
     0 | D:1      | Reached XP level 1. HP: 18/18 MP: 1/1
   174 | D:1      | Gained mutation: You have sharp fingernails. [demonic
                  | ancestry]
   174 | D:1      | Reached XP level 2. HP: 24/24 MP: 2/2
   565 | D:1      | Gained mutation: You are partially covered in thin metallic
                  | scales. (AC +2) [demonic ancestry]
   565 | D:1      | Reached XP level 3. HP: 28/29 MP: 3/3
   681 | D:2      | Identified the +3 leather armour of the First Tusks {*Slow
                  | rElec Regen+ Str+6}
   947 | D:2      | Reached XP level 4. HP: 36/36 MP: 4/4
  1694 | D:3      | Noticed Robin
  1711 | D:2      | Killed Robin
  1716 | D:2      | Gained mutation: Spells you cast may paralyse adjacent
                  | enemies. [demonic ancestry]
  1716 | D:2      | Reached XP level 5. HP: 41/42 MP: 5/5
  2417 | D:4      | Noticed Sigmund
  2433 | D:4      | Killed Sigmund
  2434 | D:4      | Reached XP level 6. HP: 48/49 MP: 6/6
  2646 | D:4      | Noticed Eustachio
  2666 | D:4      | Gained mutation: Your spells are a little harder to cast,
                  | but a little more powerful. [potion of mutation]
  2668 | D:4      | Killed Eustachio
  2669 | D:4      | Reached XP level 7. HP: 11/55 MP: 7/7
  2712 | D:4      | Noticed Menkaure
  2755 | D:4      | Killed Menkaure
  2756 | D:4      | Reached skill level 5 in Fighting
  2823 | D:4      | Found a staircase to the Ecumenical Temple.
  2872 | Temple   | Entered the Ecumenical Temple
  2930 | Temple   | Became a worshipper of Qazlal Stormbringer
  3046 | D:4      | Reached skill level 1 in Invocations
  3058 | D:4      | Found a basalt altar of Yredelemnul.
  3309 | D:4      | Noticed Natasha
  3316 | D:4      | Killed Natasha
  3393 | D:5      | Entered Level 5 of the Dungeon
  3399 | D:5      | Found Ynileoru's Antique Weapon Emporium.
  3418 | D:5      | Reached skill level 5 in Shields
  3418 | D:5      | Reached XP level 8. HP: 6/63 MP: 7/9
  3418 | D:5      | HP: 2/63 [poisoned by a water moccasin]
  3420 | D:5      | Succumbed to a water moccasin's poison

Illustrated notes

Levels and vault maps discovered:
D:1:      enne_arrival_octagon_isle, layout_basic, minmay_misc_feat_tower,
          minmay_quantized
D:2:      layout_loops_cross, minmay_goblin_kobold_house
D:3:      layout_loops_cross, bh_walls_and_bars, uniq_robin
D:4:      minmay_spotlight, layout_cave_pools, nicolae_overflow_hidden_temple,
          minmay_temple_entry_glass, uniq_sigmund, uniq_natasha, uniq_eustachio,
          uniq_menkaure
D:5:      layout_cave_pools, serial_shops, shop, dreamdust_princess_corridor,
          doesnt_shop_hydraphobe
Temple:   minmay_temple_forest_path

Skill      XL: |  1  2  3  4  5  6  7 |
---------------+----------------------+-----
Axes           | 2 3 4 |  4.5
Armour         | 3 4 |  4.9
Shields        | 3 4 5 |  5.0
Fighting       | 4 5 |  5.5
Invocations    | 1 |  1.8

Action                     |  1- 3 |  4- 6 |  7- 9 || total
---------------------------+-------+-------+-------++-------
  Melee: War axe           |   120 |   173 |    66 ||   359
    Use: Scroll            |       |     8 |     4 ||    12
         Potion            |       |     6 |     1 ||     7
 Armour: Scale mail        |    93 |       |       ||    93
         Leather armour    |     8 |   179 |    49 ||   236
         Plate armour      |       |       |    19 ||    19
  Dodge: Dodged            |    56 |   117 |    25 ||   198
  Block: Buckler           |    28 |    39 |    16 ||    83

Table legend: (Time is in decaauts)
 A = Elapsed time spent in this place.
 B = Non-inter-level travel time spent in this place.
 C = Inter-level travel time spent in this place.
 D = Time resting spent in this place.
 E = Time spent auto-exploring this place.
 F = Levels seen in this place.
 G = Mean time per level.
                   A        B        C        D        E       F      G
               +--------+--------+--------+--------+--------+-----+--------+
         Total |   3580 |   3263 |    317 |    310 |   1857 |   6 |  596.7 |
       Dungeon |   3464 |   3261 |    203 |    310 |   1857 |   5 |  692.8 |
        Temple |    116 |      2 |    114 |      0 |      0 |   1 |  116.0 |
               +--------+--------+--------+--------+--------+-----+--------+

Top non-repeatable levels by time:
     D:2: 1020 daAuts
     D:4: 875 daAuts
     D:3: 837 daAuts
     D:1: 700 daAuts
  Temple: 116 daAuts
     D:5: 30 daAuts
